 Dungeon Crawl Stone Soup version 0.22.1-6-g1668fe2c40 (webtiles) character file.

96 Peloso the Shield-Bearer (level 4, 0/41 HPs)
             Began as a Minotaur Fighter on Jan 25, 2019.
             Succumbed to Sigmund's poison
             ... on level 3 of the Dungeon.
             The game lasted 00:02:08 (2127 turns).

Peloso the Shield-Bearer (Minotaur Fighter)         Turns: 2127, Time: 00:02:09

Health: 0/41       AC:  7    Str: 21    XL:     4   Next: 41%
Magic:  3/3        EV:  7    Int:  5    God:
Gold:   169        SH:  9    Dex: 10    Spells: 3/3 levels left

rFire    . . .     SeeInvis .   a - +0 long sword
rCold    . . .     Gourm    .   c - +0 shield
rNeg     . . .     Faith    .   b - +0 scale mail
rPois    .         Spirit   .   (helmet restricted)
rElec    .         Reflect  .   (no cloak)
rCorr    .         Harm     .   (no gloves)
MR       .....                  (no boots)
Stlth    ..........             (no amulet)
HPRegen  0.13/turn              (no ring)
MPRegen  0.08/turn              (no ring)

@: lethally poisoned (0 -> -33)
A: retaliatory headbutt, horns 2
a: no special abilities


You were on level 3 of the Dungeon.
You were hungry.

You visited 1 branch of the dungeon, and saw 3 of its levels.

You collected 169 gold pieces.

Inventory:

Hand Weapons
 a - a +0 long sword (weapon)
 l - a +1 short sword of electrocution
Armour
 b - a +0 scale mail (worn)
 c - a +0 shield (worn)
Scrolls
 h - 5 scrolls of identify {unknown}
 i - a scroll of magic mapping {unknown}
 j - 3 scrolls of fear {unknown}
Potions
 d - a potion of might
 e - a potion of brilliance {unknown}
 g - 2 potions of degeneration {unknown}
 k - a potion of cancellation {unknown}
 m - a potion of magic {unknown}
 n - a potion of heal wounds {unknown}
 o - a potion of lignification {unknown}
 p - a potion of curing {unknown}
 q - a potion of ambrosia {unknown}
 r - a potion of resistance {unknown}
 s - 2 potions of haste {unknown}
Comestibles
 f - 5 rations


   Skills:
 + Level 4.4 Fighting
 + Level 3.5 Long Blades
 + Level 4.2 Armour
 + Level 0.4 Dodging
 + Level 4.6 Shields


You had 3 spell levels left.
You didn't know any spells.
Your spell library contained the following spells:

 Spells                   Type           Power        Failure   Level  Hunger
 Animate Skeleton         Necr           N/A          99%         1    ##.....
 Apportation              Tloc           #.....       99%         1    ##.....
 Confusing Touch          Hex            #.....       99%         1    ##.....
 Summon Small Mammal      Summ           #...         99%         1    ##.....


Dungeon Overview and Level Annotations

Branches:
Dungeon (3/15)

Altars:

Annotations:
D:3 Sigmund


Innate Abilities, Weirdness & Mutations

You reflexively headbutt those who attack you in melee.
You have a pair of horns on your head.


Message History

You are lethally poisoned!
You feel sick.
You feel sick. Something hits you.
You are more poisoned.
You completely miss something.
* * * LOW HITPOINT WARNING * * *
You feel very sick. Something hits you.
* * * LOW HITPOINT WARNING * * *
You are more poisoned.
You completely miss something. Your headbutt misses something.
* * * LOW HITPOINT WARNING * * *
You feel very sick. Something hits you but does no damage.
You bump into the rock wall.
You feel less confused.
* * * LOW HITPOINT WARNING * * *
You feel sick.
You closely miss something.
You die...

##.##########.............#
#...##...........##########
#......########.## #...####
#.# ##### #.# #.# #.# #.#
#@# #.# #.. .... #..## ....
.... ...##


There were no monsters in sight!

Vanquished Creatures
  5 adders
  An ooze (D:2)
  2 worms
  A dart slug (D:2)
  2 leopard geckos
  5 bats
  2 goblins
  5 hobgoblins
  3 jackals (D:1)
  5 kobolds
  2 quokkas (D:2)
  4 rats
37 creatures vanquished.

Notes
Turn   | Place    | Note
-------+----------+-------------------------------------------
     0 | D:1      | Peloso the Minotaur Fighter began the quest for the Orb.
     0 | D:1      | Reached XP level 1. HP: 19/19 MP: 0/0
   300 | D:1      | Reached XP level 2. HP: 27/27 MP: 1/1
   901 | D:2      | Reached XP level 3. HP: 27/33 MP: 2/2
  1253 | D:2      | Reached XP level 4. HP: 33/41 MP: 3/3
  2115 | D:3      | Noticed Sigmund
  2127 | D:3      | Succumbed to Sigmund's poison

Skill      XL: |  1  2  3 |
---------------+----------+-----
Fighting       | 4 |  4.4
Shields        | 4 |  4.6
Armour         | 4 |  4.2
Long Blades    | 3 |  3.5
Dodging        | |  0.4

Action                   |  1- 3 |  4- 6 || total
-------------------------+-------+-------++-------
Melee: Long sword        |    67 |    39 ||   106
       Headbutt          |     9 |     6 ||    15
  Eat: Chunk             |       |     3 ||     3
Armor: Scale mail        |    34 |    18 ||    52
Dodge: Dodged            |    30 |     7 ||    37
Block: Shield            |    47 |    24 ||    71
       Rpst.: Long sword |     5 |     1 ||     6
